 Dungeon Crawl Stone Soup version 0.22-a0-538-g76cc104 (webtiles) character file.

140911 inc the Devastator (level 16, -3/78 HPs)
             Began as a Felid Fire Elementalist on June 23, 2018.
             Slain by Margery
             ... wielding a +3 demon whip
              (32 damage)
             ... on level 2 of the Vaults.
             The game lasted 03:04:08 (53940 turns).

inc the Devastator (Felid Fire Elementalist)       Turns: 53940, Time: 03:04:08

Health: -3/78      AC:  8    Str:  4    XL:     16   Next: 47%
Magic:  7/36       EV: 32    Int: 30    God:    Xom [*.....]
Gold:   908        SH:  0    Dex: 20    Spells: 6/34 levels left
                                        Lives:  0   Deaths: 5

rFire    + + .     SeeInvis +   (weapon unavailable)
rCold    + . .     Gourm    .   (shield unavailable)
rNeg     . . .     Faith    .   (armour unavailable)
rPois    .         Spirit   .   (helmet unavailable)
rElec    +         Reflect  .   (cloak unavailable)
rCorr    .         Harm     +   (gloves unavailable)
MR       ++...                  (boots unavailable)
Stlth    +.........             O - amulet "Ahugguad" {Harm *Drain +Blink Str-5 Int+5}
HPRegen  0.23/turn              V - ring of Suodwalo {Str+4 Stlth-}
MPRegen  0.25/turn              N - ring "Noqyts" {MP+9 Int+6 Dex+2}

@: confused, about to teleport, very slightly contaminated, invisible, quick
A: very small, no armour, no weapons or thrown items, stealth, claws 1, fangs 3,
molten scales 2, thin metallic scales 1, see invisible, carnivore, dopey 1, fire
resistance 2, speed 1, low mp 1, screaming 1, shaggy fur 3, electricity
resistance, slow metabolism 1, wild magic 1, sharp paws
}: 1/15 runes: barnacled
a: Renounce Religion, Evoke Blink


You were on level 2 of the Vaults.
You worshipped Xom.
You were a special plaything of Xom.
You were full.

You visited 9 branches of the dungeon, and saw 33 of its levels.
You also visited: Sewer, Bailey and Ice Cave.

You collected 3344 gold pieces.
You spent 2436 gold pieces at shops.

Inventory:

Jewellery
 k - a +4 ring of evasion
 p - an uncursed ring of protection from fire
 t - an uncursed ring of protection from cold
 v - the ring of Hepliaklqana's Pride {Wiz -Tele Int+2 Dex+4}
   (You found it on level 4 of the Shoals)

   [ring of wizardry]

   It improves your spell success rate.
   It affects your intelligence (+2).
   It affects your dexterity (+4).
   It prevents most forms of teleportation.
 x - a cursed ring of positive energy
 A - an uncursed ring of ice
 J - an uncursed ring of resist corrosion
 L - an uncursed ring of protection from fire
 N - the ring "Noqyts" (right paw) {MP+9 Int+6 Dex+2}
   (You found it on level 4 of the Lair of Beasts)

   [ring of magical power]

   It affects your intelligence (+6).
   It affects your dexterity (+2).
   It affects your magic capacity (+9).
 O - the amulet "Ahugguad" (around neck) {Harm *Drain +Blink Str-5 Int+5}
   (You found it on level 2 of the Lair of Beasts)

   [amulet of harm]

   It increases damage dealt and taken.
   It affects your strength (-5).
   It affects your intelligence (+5).
   It lets you blink.
   It causes draining when unequipped.
 Q - an uncursed ring of protection from magic
 V - the ring of Suodwalo (left paw) {Str+4 Stlth-}
   (Xom gifted it to you on level 13 of the Dungeon)

   [ring of loudness]

   It affects your strength (+4).
   It makes you less stealthy.
 X - an uncursed ring of positive energy
Wands
 g - a wand of iceblast (16)
 y - a wand of acid (14)
 C - a wand of polymorph (10)
 E - a wand of enslavement (23)
 G - a wand of flame (96)
 H - a wand of paralysis (10)
 K - a wand of scattershot (5)
 P - a wand of disintegration (18)
 S - a wand of random effects (25)
 U - a wand of clouds (5)
 Z - a wand of digging (13)
Scrolls
 a - 3 scrolls of magic mapping
 d - 4 scrolls of amnesia
 h - a scroll of teleportation
 i - 4 scrolls of fog
 q - 10 scrolls of remove curse
 z - a scroll of holy word
 F - a scroll of summoning
 T - a scroll of silence
 W - 2 scrolls of immolation
Potions
 b - 5 potions of curing
 e - a potion of resistance
 f - 9 potions of might
 j - 3 potions of haste
 o - 3 potions of berserk rage
 s - 3 potions of cancellation
 u - a potion of mutation
 w - a potion of agility
 B - 6 potions of flight
 D - 4 potions of brilliance
 R - a potion of degeneration
Miscellaneous
 l - a fan of gales
 M - a crystal ball of energy
Comestibles
 c - 19 rations
 n - 3 chunks of flesh


   Skills:
 - Level 13.5 Fighting
 - Level 14.8 Dodging
 - Level 11.0 Stealth
 - Level 0.2 Unarmed Combat
 + Level 9.6 Spellcasting
 - Level 16.3 Conjurations
 - Level 15.2 Fire Magic
 - Level 9.7 Evocations


You had 6 spell levels left.
You knew the following spells:

 Your Spells              Type           Power        Failure   Level  Hunger
a - Flame Tongue          Conj/Fire      #####        1%          1    None
b - Sticky Flame          Conj/Fire      #######.     1%          4    None
c - Fireball              Conj/Fire      #######...   1%          5    ###....
d - Bolt of Fire          Conj/Fire      #######...   1%          6    #####..
e - Iskenderun's Mystic   Conj           #######.     1%          4    None
f - Summon Butterflies    Summ           ###.....     6%          1    None
g - Orb of Destruction    Conj           #######...   6%          7    ######.

Your spell library contained the following spells:

 Spells                   Type           Power        Failure   Level  Hunger
 Cause Fear               Hex            ###.......   45%         4    None
 Magic Dart               Conj           ####         1%          1    None
 Conjure Flame            Conj/Fire      #######.     1%          3    None
 Bolt of Magma            Conj/Fire/Erth #######...   2%          5    ###....
 Slow                     Hex            ###.....     9%          2    None
 Confuse                  Hex            ###.....     16%         3    None
 Throw Flame              Conj/Fire      ######       1%          2    None
 Ring of Flames           Chrm/Fire      ######....   86%         7    ######.
 Venom Bolt               Conj/Pois      ######....   6%          5    ###....
 Summon Small Mammal      Summ           ###.         6%          1    None
 Lehudib's Crystal Spear  Conj/Erth      ######....   100%        8    #######
 Fire Storm               Conj/Fire      #######...   100%        9    #######
 Summon Ice Beast         Ice/Summ       ###.....     45%         4    None
 Call Imp                 Summ           ###.....     9%          2    None
 Poison Arrow             Conj/Pois      ######....   26%         6    #####..
 Tukima's Dance           Hex            ###.....     16%         3    None
 Iron Shot                Conj/Erth      ######....   26%         6    #####..
 Spider Form              Tmut/Pois      ###.......   16%         3    None
 Blade Hands              Tmut           ###.......   78%         5    ###....
 Ice Form                 Ice/Tmut       ###.....     45%         4    None
 Glaciate                 Conj/Ice       ######....   100%        9    #######
 Ignite Poison            Fire/Tmut/Pois ######..     2%          3    None
 Sticks to Snakes         Tmut           ###.....     9%          2    None
 Call Canine Familiar     Summ           ###.....     16%         3    None
 Ensorcelled Hibernation  Hex/Ice        ###...       9%          2    None
 Corona                   Hex            ###....      6%          1    None
 Chain Lightning          Conj/Air       ######....   100%        8    #######
 Portal Projectile        Hex/Tloc       ###...       16%         3    None
 Leda's Liquefaction      Hex/Erth       ###.......   45%         4    None
 Summon Hydra             Summ           ###.......   100%        7    ######.
 Inner Flame              Hex/Fire       ######..     1%          3    None
 Beastly Appendage        Tmut           ###...       6%          1    None
 Iskenderun's Battlesphe  Conj/Chrm      ######..     6%          5    ###....
 Fulminant Prism          Conj/Hex       ######....   2%          4    None
 Dazzling Spray           Conj/Hex       ######       1%          3    None
 Force Lance              Conj/Tloc      ######..     2%          4    None
 Searing Ray              Conj           ######       1%          2    None
 Summon Lightning Spire   Summ/Air       ###.....     45%         4    None
 Summon Guardian Golem    Hex/Summ       ###.....     16%         3    None
 Spellforged Servitor     Conj/Summ      ######....   78%         7    ######.
 Summon Mana Viper        Hex/Summ       ###.....     78%         5    ###....
 Ignition                 Fire           #######...   52%         8    #######


Dungeon Overview and Level Annotations

Branches:
Dungeon (15/15)            Temple (1/1) D:5            Lair (6/6) D:11
 Shoals (4/4) Lair:4        Snake (1/4) Lair:2        Slime (0/5) Lair:5
    Orc (2/2) D:9             Elf (1/3) Orc:2        Vaults (2/5) D:13
  Crypt (0/3) Vaults:2     Depths (1/5) D:15

Altars:
Ashenzari
Cheibriados
Dithmenos
Elyvilon
Fedhas
Gozag
Hepliaklqana
Kikubaaqudgha
Makhleb
Nemelex Xobeh
Okawaru
Qazlal
Ru
Sif Muna
Trog
Uskayaw
Vehumet
Wu Jian
Xom
Yredelemnul
Zin
The Shining One
Beogh

Shops:
D:6 *   Orc:2 *:}!%   Vaults:2 [

Portals:
Hell: Depths:1

Annotations:
D:3 2 transporters, kae's ghost, amateur MiFi
D:14 exclusion: Roxanne, Roxanne
Lair:1 Nico3ck's ghost, journeyman DsGl
Vaults:1 Asterion
Vaults:2 Margery


Innate Abilities, Weirdness & Mutations

You cannot wear armour.
You are incapable of wielding weapons or throwing items.
Your paws allow you to move quietly. (Stealth)
You have sharp claws.
You have razor-sharp teeth.
You have supernaturally acute eyesight. (SInv)
You are carnivorous and can eat meat at any time.
You cover ground quickly.
Your thick and shaggy fur keeps you warm. (AC +3, rC+)
You have a slow metabolism.
Your sharp claws are effective at attacking unaware monsters.
You are mostly covered in molten scales. (AC +3)
You are partially covered in thin metallic scales. (AC +2)
You are dopey. (Int -2)
Your flesh is very heat resistant. (rF++)
Your magical capacity is low. (-10% MP)
You occasionally shout uncontrollably at your foes.
You are resistant to electric shocks. (rElec)
Your spells are a little harder to cast, but a little more powerful.


Message History

The bolt misses you.
The vault warden activates a sealing rune.
A door slams shut!
The yaktaur captain wields an arbalest.
The yaktaur captain shoots a bolt.
The bolt hits the yaktaur!!
A hell knight opens the door.
You are very lightly contaminated with residual magic.
As you read the scroll of teleportation, it crumbles to dust.
You feel strangely unstable. The orc knight closely misses you.
The yaktaur captain shoots a bolt.
The bolt hits the hell knight!!
Unknown command.
You are confused.
You feel invigorated.
The yaktaur captain shoots a bolt.
The bolt completely misses the yaktaur.
The bolt hits the hell knight!!!
The hell knight dies!
The vault warden activates a sealing rune.
A door slams shut!
Margery completely misses you.
The yaktaur captain shoots a bolt.
The bolt hits the freezing wraith!
Margery hits you with an enchanted demon whip!!
You die...
Xom titters!

***** #..p##
#.........# ##.p.#
#.........#
******#..).#######
#.........#
,,,,,,#..#)#.....#
#.........#
,,*,,,#..Qp#.....#
#....รท....#
,,*,,.+.#..+.ccp.#
######'####
,,**#.+.,,##.ccc.#
####.####
,,,...##,,,#poCW@#
##.#...#.##
*,....*,,,,#.op.@#
*#.........##
,,...,*****#######
#...#...#...#
,,***,*
##.###.###.##
,,*,,,*
*#...#...#(.(#
,,*,,,*
#.....)....<..
,,,,,,*
##...#...#...#
*****+**
##.###.###.##
,,,,,,,*
#...#...*.^.#
,,,,,,,*
##,...>....##


You could see Margery, a vault warden, 3 yaktaur captains, 2 orc knights, an
ettin, 2 hell knights, 2 yaktaurs and a freezing wraith.

Vanquished Creatures
  A lich (Depths:1)
  Rupert (Orc:2)
  3 krakens
  Ilsuiw (Shoals:4)
  2 frost giants
  2 vault wardens
  2 orc warlords (Orc:2)
  Louise (Shoals:2)
  An entropy weaver (shapeshifter) (D:12)
  Nessos (D:13)
  2 stone giants (Depths:1)
  A dire elephant (Lair:2)
  2 blizzard demons (IceCv)
  An ettin (Depths:1)
  Josephine (Lair:6)
  16 merfolk impalers
  3 merfolk javelineers (Shoals:4)
  A great orb of eyes (Depths:1)
  An ogre mage (D:15)
  2 naga warriors (Snake:1)
  7 vault guards (D:13)
  4 hydras
  3 rakshasas
  4 merfolk avatars
  4 centaur warriors
  An ice dragon (Depths:1)
  A death knight (D:15)
  A catoblepas (D:15)
  8 merfolk aquamancers
  10 two-headed ogres
  A satyr (Shoals:4)
  2 alligator snapping turtles (Shoals:3)
  3 tengu warriors (D:13)
  A deep troll earth mage (Depths:1)
  A deep troll shaman (Depths:1)
  A hell knight (Vaults:2)
  A naga sharpshooter (Snake:1)
  4 orc high priests (Orc:2)
  An iron troll (Depths:1)
  A glowing orange brain (Vaults:2)
  2 wizards
  11 sea snakes
  A naga ritualist (Snake:1)
  2 deep trolls (Depths:1)
  4 unseen horrors
  3 orc knights
  4 deep elf magi
  Pikel (D:6)
  15 harpies
  An orc sorcerer (Orc:2)
  5 mana vipers (Snake:1)
  8 cyclopes
  An oklob plant (Lair:6)
  10 ugly things
  16 manticores
  17 elephants (Lair:2)
  9 fauns
  9 black mambas
  A centaur zombie (D:10)
  10 merfolk sirens
  3 naga magi (Snake:1)
  3 gargoyles
  An ice statue (Snake:1)
  The ghost of gmonis the Basher, a novice MiBe of Trog (D:5)
  13 spiny frogs
  9 water nymphs
  3 freezing wraiths (IceCv)
  9 komodo dragons
  7 yaktaurs
  7 rime drakes
  5 ice devils (IceCv)
  4 anaconda simulacra (IceCv)
  A tengu conjurer (D:15)
  37 merfolk
  3 hornets
  2 polar bears (Lair:4)
  7 trolls
  4 wind drakes (Shoals:3)
  Prince Ribbit (D:5)
  5 blink frogs
  9 snapping turtles
  12 dream sheep
  10 hippogriffs
  A vampire (D:10)
  5 wraiths
  5 spriggans
  17 water elementals
  11 wyverns
  5 dire elephant simulacra (IceCv)
  57 yaks
  A shadow (D:13)
  Eustachio (D:4)
  A human simulacrum (Vaults:2)
  7 basilisks
  A hog (D:12)
  A death yak simulacrum (IceCv)
  4 hungry ghosts
  4 wargs
  A golden eye (shapeshifter) (Depths:1)
  Menkaure (D:6)
  Edmund (D:4)
  3 vampire mosquitoes (D:15)
  4 swamp worms (D:11)
  2 harpy simulacra (IceCv)
  9 nagas
  2 soldier ants
  9 water moccasins
  A hydra simulacrum (IceCv)
  2 acid dragons
  2 iron troll simulacra (IceCv)
  6 porcupines
  2 swamp drakes
  2 alligator simulacra (IceCv)
  44 orc warriors
  A slave (D:6)
  2 hornet zombies
  An ettin simulacrum (IceCv)
  An eye of draining (D:12)
  14 ogres
  5 black bears
  3 ice beasts
  2 necrophages
  4 phantoms
  A sky beast (Lair:1)
  7 wolves
  12 centaurs
  13 crocodiles
  2 big kobolds
  24 bullfrogs
  A wyvern skeleton (D:14)
  3 scorpions
  10 killer bees
  3 elephant simulacra (IceCv)
  15 wights
  A howler monkey (D:14)
  4 electric eels
  5 bullfrog zombies
  2 crimson imps
  3 draconian simulacra (IceCv)
  6 hounds
  2 jellies
  2 quasits
  37 orc wizards
  3 centaur skeletons
  30 orc priests
  4 iguanas
  Crazy Yiuf (D:6)
  12 worker ants
  5 hell rats (Lair:6)
  3 troll simulacra (IceCv)
  A worker ant (shapeshifter) (Orc:1)
  3 centaur simulacra (IceCv)
  A hound skeleton (D:9)
  A worker ant zombie (D:5)
  5 gnolls
  3 ogre simulacra (IceCv)
  15 adders
  A naga simulacrum (IceCv)
  7 shadow imps
  2 white imps (IceCv)
  2 ufetubi (IceCv)
  2 oozes
  An adder zombie (D:9)
  2 adder skeletons
  6 worms
  A dart slug (D:1)
  10 leopard geckos
  143 orcs
  4 ball pythons
  7 bats
  7 giant cockroaches
  12 goblins
  17 hobgoblins
  15 jackals
  6 quokkas
  7 frilled lizards
  21 kobolds
  2 leopard gecko skeletons (D:4)
  A quokka zombie (D:9)
  7 rats
  8 bushes
  A fungus (Lair:2)
  12 plants
  8 tentacles
1187 creatures vanquished.

Vanquished Creatures (collateral kills)
  5 orc knights (Bailey)
  4 elephants
  A spiny frog (Lair:6)
  2 orc warriors (Bailey)
  A wolf (Lair:6)
  A crocodile (Lair:6)
  An orc priest (D:9)
  A worker ant (D:9)
  6 orcs
22 creatures vanquished.

Vanquished Creatures (others)
  A dancing weapon (D:10)
  A hell knight (Vaults:2)
  An elephant (Lair:2)
  2 slaves (D:6)
  A bullfrog (D:6)
  2 gnolls (D:6)
  A white imp (IceCv)
  3 ufetubi (IceCv)
  A bush (Lair:6)
  81 fungi
  67 plants
  15 tentacles
176 creatures vanquished.

Grand Total: 1385 creatures vanquished

Notes
Turn   | Place    | Note
-------+----------+-------------------------------------------
     0 | D:1      | inc the Felid Fire Elementalist began the quest for the Orb.
     0 | D:1      | Reached XP level 1. HP: 7/7 MP: 4/4
    51 | D:1      | Reached skill level 1 in Conjurations
   160 | D:1      | Reached XP level 2. HP: 11/11 MP: 0/6
   194 | D:1      | Reached skill level 2 in Conjurations
   998 | D:2      | Reached XP level 3. HP: 14/14 MP: 3/7
  1377 | D:2      | Reached skill level 3 in Conjurations
  1849 | D:2      | Reached XP level 4. HP: 14/18 MP: 2/8
  2432 | D:3      | Found a glowing drain.
  2443 | Sewer    | Entered a sewer
  2748 | Sewer    | Reached XP level 5. HP: 21/21 MP: 7/9
  2842 | Sewer    | Reached skill level 4 in Conjurations
  3766 | D:3      | Found a shattered altar of Ashenzari.
  3892 | D:3      | Found a shimmering altar of Xom.
  3892 | D:3      | Found a snail-covered altar of Cheibriados.
  3893 | D:3      | Found a glowing golden altar of the Shining One.
  3896 | D:3      | Became a worshipper of Xom of Chaos
  4030 | D:3      | XOM: harmless Ice miscast
  4099 | D:3      | Found a transporter.
  4100 | D:3      | Noticed kae's ghost (amateur MiFi)
  4123 | D:3      | Found a transporter.
  4133 | D:3      | XOM: divination: detect creatures
  4208 | D:3      | XOM: silly message
  4336 | D:3      | Found an ornate altar of the Wu Jian Council.
  4520 | D:3      | Reached skill level 1 in Fighting
  4862 | D:4      | Noticed Edmund
  5030 | D:4      | XOM: silly message
  5041 | D:4      | Gained mutation: You are covered in thick fur. (AC +2) [Felid growth]
  5041 | D:4      | Reached XP level 6. HP: 19/27 MP: 2/10
  5163 | D:4      | XOM: silly message
  5322 | D:4      | XOM: potion effect (might)
  5323 | D:4      | XOM: divination: magic mapping
  5356 | D:4      | XOM: cast spell 'Summon Butterflies'
  5505 | D:4      | XOM: mild Conj miscast
  6463 | D:3      | XOM: draining
  6569 | D:3      | XOM: harmless Tmut miscast
  6668 | D:5      | Entered Level 5 of the Dungeon
  6675 | D:5      | XOM is BORED!
  6675 | D:5      | XOM: mild Hex miscast
  6718 | D:5      | Found a runed gate.
  6718 | D:5      | Found a runed gate.
  6720 | D:5      | Found a runed gate.
  6720 | D:5      | Noticed gmonis's ghost (novice MiBe)
  6755 | D:5      | Noticed Prince Ribbit
  6757 | D:5      | XOM: destruction
  6953 | D:4      | Noticed Eustachio
  7119 | D:5      | Reached XP level 7. HP: 6/32 MP: 4/11
  7520 | D:5      | XOM: give mutation
  7520 | D:5      | Gained mutation: You are partially covered in slimy green scales. (AC +2) [Xom's grace]
  7531 | D:5      | XOM: 3-stop teleportation journey
  7552 | D:5      | XOM: potion effect (haste)
  7820 | D:5      | Reached skill level 5 in Conjurations
  7965 | D:5      | XOM: potion effect (berserk rage)
  8059 | D:5      | XOM: give mutations
  8059 | D:5      | Gained mutation: Your muscles are strong. (Str +2) [Xom's grace]
  8059 | D:5      | Gained mutation: You expend magic power (3 MP) to strengthen your wands. [Xom's grace]
  8059 | D:5      | Gained mutation: You are partially covered in iridescent scales. (AC +2) [Xom's grace]
  8059 | D:5      | Gained mutation: You have a pair of small horns on your head. [Xom's grace]
  8096 | D:5      | Found a staircase to the Ecumenical Temple.
  8126 | Temple   | XOM: noise
  8126 | Temple   | Entered the Ecumenical Temple
  8441 | D:6      | Reached skill level 5 in Fire Magic
  8459 | D:6      | Found a snail-covered altar of Cheibriados.
  8463 | D:6      | Noticed Menkaure
  8469 | D:6      | Killed Menkaure
  8469 | D:6      | Reached XP level 8. HP: 16/36 MP: 4/12
  8469 | D:6      | XOM: give mutations
  8469 | D:6      | Gained mutation: Your mind is acute. (Int +2) [Xom's grace]
  8469 | D:6      | Gained mutation: Your mind is very acute. (Int +4) [Xom's grace]
  8469 | D:6      | Gained mutation: You are partially covered in thin metallic scales. (AC +2) [Xom's grace]
  8487 | D:6      | Reached skill level 6 in Conjurations
  8582 | D:6      | XOM: mild Air miscast
  8608 | D:6      | Found a hide-covered altar of Uskayaw.
  8661 | D:6      | XOM: scenery: create altars
  8689 | D:6      | XOM: god gift: crooked copper wand {god gift}
  8717 | D:6      | Noticed Pikel
  8750 | D:6      | Killed Pikel
  8750 | D:6      | Reached skill level 7 in Conjurations
  8865 | D:6      | Found a deep blue altar of Sif Muna.
  8865 | D:6      | Found an ancient bone altar of Kikubaaqudgha.
  8867 | D:6      | Found a radiant altar of Vehumet.
  8871 | D:6      | Identified Sif Muna's Grimoire of Creation
  8899 | D:6      | Found an opulent altar of Gozag.
  8915 | D:6      | XOM: potion effect (brilliance)
  9026 | D:6      | XOM: potion effect (might)
  9030 | D:6      | XOM: potion effect (agility)
  9156 | D:5      | XOM: divination: magic mapping
  9163 | D:5      | Killed Prince Ribbit
  9163 | D:5      | Reached XP level 9. HP: 10/39 MP: 5/13
  9274 | D:5      | Learned a level 4 spell: Sticky Flame
  9387 | D:5      | XOM: harmless Air miscast
  9483 | D:5      | Found a roughly hewn altar of Beogh.
  9592 | D:4      | Killed Eustachio
  9592 | D:4      | Reached skill level 8 in Conjurations
  9812 | D:4      | Killed Edmund
 10041 | D:5      | Killed gmonis's ghost
 10084 | D:5      | XOM: cloud trail
 10180 | D:6      | XOM: silly message
 10406 | D:6      | Found Gozag's Platinum Reserve.
 10499 | D:6      | Found a runed door.
 10503 | D:6      | Noticed Crazy Yiuf
 10505 | D:6      | Killed Crazy Yiuf
 10928 | D:7      | XOM: butterfly on damage
 10930 | D:7      | Reached skill level 5 in Spellcasting
 11055 | D:7      | XOM: summons 4 hostile demons
 11494 | D:7      | Reached XP level 10. HP: 42/42 MP: 17/20
 11511 | D:7      | XOM: 7-stop teleportation journey
 11558 | D:7      | XOM: 4-stop teleportation journey
 11628 | D:7      | XOM: confuse monster(s)
 11879 | D:7      | XOM: mild Chrm miscast
 12101 | D:8      | Noticed a two-headed ogre
 12108 | D:8      | XOM: noise
 12120 | D:8      | Killed a two-headed ogre
 12245 | D:9      | XOM: torment (19/42 hp)
 12475 | D:8      | Noticed a two-headed ogre
 12503 | D:8      | XOM: summons friendly ufetubus
 12512 | D:8      | XOM: confusion
 12521 | D:8      | Killed a two-headed ogre
 12529 | D:8      | XOM: noise
 12625 | D:8      | XOM: 1-stop teleportation journey
 12937 | D:9      | Reached skill level 5 in Fighting
 12943 | D:9      | Found a bloodstained altar of Trog.
 13024 | D:9      | Reached skill level 5 in Dodging
 13060 | D:9      | XOM: enchant monster (bad)
 13061 | D:9      | XOM: blink monster(s)
 13091 | D:9      | XOM: harmless Necr miscast
 13158 | D:9      | XOM: mild Summ miscast
 13178 | D:9      | XOM: blink monster(s)
 13180 | D:9      | XOM: summons 9 friendly demons
 13183 | D:9      | HP: 1/45 [electric eel/bolt of electricity (10)]
 13792 | D:9      | Learned a level 5 spell: Fireball
 14074 | D:9      | XOM: blink monster(s)
 14209 | D:9      | Found a staircase to the Orcish Mines.
 14701 | D:10     | Entered Level 10 of the Dungeon
 14704 | D:9      | XOM: chaos cloud
 14749 | D:9      | XOM: silly message
 14828 | D:10     | XOM: mild Necr miscast
 14836 | D:10     | Killed from afar by a vampire
 14837 | D:10     | Reached XP level 9. HP: -1/42 MP: 19/22
 14866 | D:10     | Reached XP level 10. HP: 46/46 MP: 15/23
 14877 | D:9      | XOM: give mutations
 14877 | D:9      | Lost mutation: Your mind is very acute. (Int +4) [Xom's mischief]
 14877 | D:9      | Lost mutation: Your muscles are strong. (Str +2) [Xom's mischief]
 14877 | D:9      | Gained mutation: Your body sometimes deteriorates upon taking damage. [Xom's mischief]
 14931 | D:10     | Noticed an unseen horror
 14936 | D:10     | XOM: noise
 14938 | D:10     | XOM: swap monsters
 14946 | D:10     | Killed an unseen horror
 14952 | D:10     | XOM: chaos cloud
 14958 | D:10     | XOM: 1-stop teleportation journey
 14988 | D:10     | Noticed a gargoyle
 14996 | D:10     | XOM: cleaving
 15005 | D:10     | XOM: blink monster(s)
 15007 | D:10     | Killed a gargoyle
 15018 | D:10     | Found a flagged portal.
 15021 | D:10     | Noticed an unseen horror
 15022 | D:10     | Noticed a two-headed ogre
 15028 | D:10     | XOM: summons friendly iron imp
 15045 | D:10     | XOM: cast spell 'Shadow Creatures'
 15051 | Bailey   | Entered a bailey
 15152 | Bailey   | XOM: summons 1 hostile demon
 15321 | Bailey   | XOM: 1-stop teleportation journey
 15322 | Bailey   | Noticed an orc knight
 15322 | Bailey   | Noticed an orc knight
 15322 | Bailey   | Noticed an orc knight
 15328 | Bailey   | XOM: confusion
 15329 | Bailey   | Mangled by an orc knight
 15330 | Bailey   | Reached XP level 9. HP: -9/43 MP: 16/22
 15360 | Bailey   | Noticed an orc knight
 15367 | Bailey   | XOM: cast spell 'Summon Dragon'
 15371 | Bailey   | Killed an orc knight
 15374 | Bailey   | Killed an orc knight
 15388 | Bailey   | Killed an orc knight
 15424 | Bailey   | Noticed an orc knight
 15424 | Bailey   | Noticed an orc knight
 15432 | Bailey   | Killed an orc knight
 15432 | Bailey   | Reached XP level 10. HP: 48/48 MP: 6/23
 15433 | Bailey   | Killed an orc knight
 15440 | Bailey   | Killed an orc knight
 15583 | D:10     | XOM: harmless Chrm miscast
 15602 | D:10     | XOM: noise
 15716 | Orc:1    | Entered Level 1 of the Orcish Mines
 15719 | Orc:1    | Noticed an orc knight
 15726 | D:9      | Reached skill level 10 in Dodging
 15950 | D:9      | XOM: summons 1 hostile demon
 16016 | D:10     | XOM: fake destruction
 16058 | D:10     | XOM: confusion (+ monsters)
 16214 | D:10     | XOM: 1-stop teleportation journey
 16337 | D:10     | XOM: summons 4 hostile shadow creatures
 16359 | D:10     | XOM: mild Ice miscast
 16634 | D:10     | XOM: summons friendly iron imp
 16662 | D:10     | XOM: mild Chrm miscast
 16706 | D:10     | XOM: medium Chrm miscast
 16720 | D:10     | XOM: silly message
 16731 | D:10     | Learned a level 3 spell: Conjure Flame
 16737 | D:10     | Killed a two-headed ogre
 16737 | D:10     | Reached skill level 9 in Conjurations
 16800 | D:10     | XOM: mild Tloc miscast
 16883 | D:10     | Reached XP level 11. HP: 52/52 MP: 20/24
 16901 | D:10     | Noticed a two-headed ogre
 16904 | D:10     | Killed a two-headed ogre
 17014 | D:10     | XOM: blink monster(s)
 17020 | D:10     | Reached skill level 10 in Conjurations
 17020 | D:10     | Reached skill level 10 in Fire Magic
 17020 | D:10     | Gained mutation: Your thick and shaggy fur keeps you warm. (AC +3, rC+) [Felid growth]
 17020 | D:10     | Reached XP level 12. HP: 56/56 MP: 25/25
 17021 | D:10     | Reached skill level 10 in Fighting
 17021 | D:10     | Reached XP level 13. HP: 61/61 MP: 26/26
 17084 | D:10     | XOM: cast spell 'Discord'
 17640 | D:11     | XOM: 5-stop teleportation journey
 17688 | D:11     | XOM: polymorph swamp worm -> cyclops
 17722 | D:11     | XOM: fog
 18413 | D:11     | XOM: give mutations
 18413 | D:11     | Gained mutation: Potions are less effective at restoring your health. [Xom's mischief]
 18413 | D:11     | Lost mutation: Your body sometimes deteriorates upon taking damage. [Xom's mischief]
 18559 | D:11     | XOM: harmless Air miscast
 18577 | D:11     | Found a staircase to the Lair.
 19028 | D:12     | XOM: medium Chrm miscast
 19219 | D:12     | XOM: noise
 19393 | D:12     | Reached skill level 5 in Stealth
 19655 | D:12     | XOM: 1-stop teleportation journey
 20045 | D:12     | XOM: polymorph yak -> hog
 20357 | D:13     | XOM: swap monsters
 20412 | D:13     | XOM: enchant monster (bad)
 20511 | D:12     | XOM: medium Tloc miscast
 20594 | D:12     | Noticed an entropy weaver
 20594 | D:12     | a vault guard changed into an entropy weaver
 20594 | D:12     | XOM: polymorph vault guard -> entropy weaver
 20604 | D:12     | XOM: scenery: create altars
 20606 | D:12     | XOM: butterfly on damage
 20606 | D:12     | Slain by an entropy weaver (shapeshifter)
 20607 | D:12     | Reached XP level 12. HP: -2/59 MP: 12/25
 20612 | D:12     | Killed an entropy weaver
 20698 | D:11     | XOM: silly message
 20705 | D:11     | XOM: divination: detect items
 20708 | Lair:1   | Entered Level 1 of the Lair of Beasts
 20716 | Lair:1   | XOM: potion effect (berserk rage)
 20733 | Lair:1   | XOM: potion effect (agility)
 20749 | Lair:1   | XOM: cleaving
 20765 | Lair:1   | XOM: give mutations
 20765 | Lair:1   | Lost mutation: Potions are less effective at restoring your health. [Xom's mischief]
 20765 | Lair:1   | Lost mutation: You expend magic power (3 MP) to strengthen your wands. [Xom's mischief]
 20765 | Lair:1   | Lost mutation: Your mind is acute. (Int +2) [Xom's mischief]
 20765 | Lair:1   | Lost mutation: You are partially covered in iridescent scales. (AC +2) [Xom's mischief]
 20826 | Lair:1   | XOM: scenery: 2 doors open
 20948 | Lair:1   | XOM: blink monster(s)
 21249 | Lair:1   | XOM: potion effect (agility)
 21438 | Lair:1   | Noticed a six-headed hydra
 21448 | Lair:1   | XOM: harmless Summ miscast
 21493 | Lair:2   | XOM: silly message
 21646 | Lair:1   | XOM: divination: magic mapping
 21891 | Lair:1   | Killed a six-headed hydra
 21891 | Lair:1   | Reached XP level 13. HP: 64/64 MP: 7/26
 21984 | Lair:1   | Found a runed door.
 21989 | Lair:1   | Noticed Nico3ck's ghost (journeyman DsGl)
 22044 | Lair:1   | XOM: cast spell 'Summon Butterflies'
 22068 | Lair:1   | XOM: polymorph butterfly -> gnoll
 22079 | Lair:1   | XOM: cast spell 'Call Canine Familiar'
 22085 | Lair:1   | XOM: divination: detect creatures
 22108 | Lair:1   | XOM: blink monster(s)
 22256 | Lair:2   | XOM: summons 2 friendly demons
 22290 | Lair:2   | XOM is BORED!
 22290 | Lair:2   | XOM: enchant monster (bad)
 22295 | Lair:2   | XOM: enchant monster (good)
 22329 | Lair:2   | XOM: give mutations
 22329 | Lair:2   | Gained mutation: Your muscles are strong. (Str +2) [Xom's grace]
 22329 | Lair:2   | Gained mutation: You possess an exceptional clarity of mind. [Xom's grace]
 22329 | Lair:2   | Gained mutation: You are resistant to electric shocks. (rElec) [Xom's grace]
 22489 | Lair:2   | XOM: 2-stop teleportation journey
 22497 | Lair:2   | XOM: noise
 22614 | Lair:2   | XOM: give mutations
 22614 | Lair:2   | Gained mutation: Your body sometimes deteriorates upon taking damage. [Xom's mischief]
 22614 | Lair:2   | Gained mutation: You are robust. (+10% HP) [Xom's mischief]
 22614 | Lair:2   | Gained mutation: You are clumsy. (Dex -2) [Xom's mischief]
 22656 | Lair:2   | XOM: divination: detect items
 22752 | Lair:2   | XOM: scenery: create altars
 22789 | Lair:1   | XOM: polymorph porcupine -> sky beast
 23085 | Lair:1   | XOM is BORED!
 23085 | Lair:1   | XOM: give mutations
 23085 | Lair:1   | Gained mutation: You are very clumsy. (Dex -4) [Xom's mischief]
 23085 | Lair:1   | Lost mutation: You are very clumsy. (Dex -4) [Xom's mischief]
 23085 | Lair:1   | Lost mutation: You are clumsy. (Dex -2) [Xom's mischief]
 23085 | Lair:1   | Lost mutation: You are robust. (+10% HP) [Xom's mischief]
 23159 | Lair:1   | XOM: fake destruction
 23257 | Lair:2   | XOM: fog
 23260 | Lair:2   | XOM: summons 12 friendly demons
 23334 | Lair:2   | Found a staircase to the Snake Pit.
 23348 | Lair:2   | XOM: stat loss: -1 Dex (22/23)
 23521 | Lair:2   | XOM: polymorph elephant -> cyclops
 23527 | Lair:2   | XOM: give mutations
 23527 | Lair:2   | Gained mutation: You are agile. (Dex +2) [Xom's grace]
 23527 | Lair:2   | Gained mutation: You are partially covered in yellow scales. (AC +2) [Xom's grace]
 23804 | Lair:2   | Reached skill level 10 in Stealth
 23883 | Lair:2   | XOM: divine lightning
 23986 | Lair:2   | Noticed a dire elephant
 24007 | Lair:2   | XOM is BORED!
 24007 | Lair:2   | XOM: give mutations
 24007 | Lair:2   | Gained mutation: Your muscles are very strong. (Str +4) [Xom's mischief]
 24007 | Lair:2   | Lost mutation: You are resistant to electric shocks. (rElec) [Xom's mischief]
 24009 | Lair:2   | XOM: summons friendly quasit
 24163 | Lair:2   | XOM: summons 3 friendly demons
 24183 | Lair:2   | Killed a dire elephant
 24390 | Lair:2   | XOM: summons 2 friendly demons
 24677 | Lair:2   | Got a flickering sapphire amulet
 24678 | Lair:2   | Identified the amulet "Ahugguad" {Harm *Drain +Blink Str-5 Int+5} (You found it on level 2 of the Lair of Beasts)
 24704 | Lair:2   | XOM: give mutations
 24704 | Lair:2   | Gained mutation: You are resistant to hostile enchantments. (MR+) [Xom's grace]
 24704 | Lair:2   | Gained mutation: You are highly resistant to hostile enchantments. (MR++) [Xom's grace]
 24704 | Lair:2   | Gained mutation: You are very agile. (Dex +4) [Xom's grace]
 24851 | Lair:3   | XOM: god gift: scroll labeled PURYDY PECOMA {god gift}
 24852 | Lair:3   | XOM: 2-stop teleportation journey
 24875 | Lair:3   | Identified a scroll of acquirement
 24915 | Lair:3   | XOM: polymorph bullfrog -> swamp drake
 24923 | Lair:3   | XOM: noise
 25020 | Lair:3   | XOM: enchant monster (good)
 25028 | Lair:3   | XOM: fog
 25031 | Lair:3   | Reached skill level 11 in Conjurations
 25034 | Lair:3   | XOM: confuse monster(s)
 25173 | Lair:3   | XOM: scenery: create altars
 25236 | Lair:3   | XOM: give mutations
 25236 | Lair:3   | Gained mutation: You are resistant to electric shocks. (rElec) [Xom's grace]
 25236 | Lair:3   | Gained mutation: You expend magic power (3 MP) to strengthen your wands. [Xom's grace]
 25236 | Lair:3   | Gained mutation: You are somewhat resistant to further mutation. [Xom's grace]
 25246 | Lair:3   | XOM: summons friendly shadow imp
 25299 | Lair:3   | XOM: 2-stop teleportation journey
 25648 | Lair:4   | XOM: give mutations
 25648 | Lair:4   | Gained mutation: You are somewhat resistant to both further mutation and mutation removal. [Xom's grace]
 25648 | Lair:4   | Gained mutation: You have a pair of horns on your head. [Xom's grace]
 25674 | Lair:4   | XOM: polymorph crocodile -> swamp drake
 25956 | Lair:4   | Found a staircase to the Shoals.
 25965 | Lair:4   | Found a shimmering altar of Xom.
 25997 | Lair:4   | XOM: god gift: 54 gold pieces
 26486 | Lair:4   | Got a scintillating jade ring
 27128 | Lair:5   | Reached XP level 14. HP: 69/69 MP: 8/27
 27354 | Lair:5   | XOM: cast spell 'Alistair's Intoxication'
 27365 | Lair:4   | XOM: 3-stop teleportation journey
 27461 | Lair:5   | XOM: divination: detect items
 27504 | Lair:4   | XOM: polymorph yak -> polar bear
 27505 | Lair:4   | XOM: blink monster(s)
 27519 | Lair:4   | XOM is BORED!
 27519 | Lair:4   | XOM: blink monster(s)
 27656 | Lair:4   | XOM: give mutations
 27656 | Lair:4   | Gained mutation: Your flesh is heat resistant. (rF+) [Xom's grace]
 27656 | Lair:4   | Gained mutation: Your system is resistant to poisons. (rPois) [Xom's grace]
 27656 | Lair:4   | Gained mutation: Your mind is acute. (Int +2) [Xom's grace]
 27789 | Lair:5   | Found a staircase to the Slime Pits.
 27961 | Lair:5   | XOM: give mutations
 27961 | Lair:5   | Gained mutation: Your spells are a little harder to cast, but a little more powerful. [Xom's grace]
 27961 | Lair:5   | Gained mutation: Your mind is very acute. (Int +4) [Xom's grace]
 27961 | Lair:5   | Gained mutation: You have a pair of large horns on your head. [Xom's grace]
 28014 | Lair:6   | Entered Level 6 of the Lair of Beasts
 28049 | Lair:5   | XOM: potion effect (haste)
 28197 | Lair:6   | XOM: butterfly on damage
 28218 | Lair:6   | XOM: give mutations
 28218 | Lair:6   | Lost mutation: You are somewhat resistant to both further mutation and mutation removal. [Xom's grace]
 28218 | Lair:6   | Lost mutation: You are somewhat resistant to further mutation. [Xom's grace]
 28218 | Lair:6   | Gained mutation: You evolve. [Xom's grace]
 28218 | Lair:6   | Gained mutation: Your flesh is very heat resistant. (rF++) [Xom's grace]
 28218 | Lair:6   | Gained mutation: Your spells are harder to cast, but more powerful. [Xom's grace]
 28246 | Lair:6   | Reached skill level 12 in Conjurations
 28262 | Lair:6   | XOM: summons 14 friendly demons
 28691 | Lair:6   | XOM: cast spell 'Shadow Creatures'
 28933 | Lair:6   | XOM: swap monsters
 28936 | Lair:6   | XOM: harmless Chrm miscast
 29175 | Lair:6   | XOM: mild Fire miscast
 29186 | Lair:6   | XOM: cast spell 'Disjunction'
 29354 | Lair:6   | XOM: harmless Ice miscast
 29392 | Lair:6   | Noticed Josephine
 29395 | Lair:6   | Killed Josephine
 29412 | Lair:6   | XOM: 2-stop teleportation journey
 29560 | Lair:4   | XOM: 7-stop teleportation journey
 29765 | D:9      | XOM: god gift: potion of might
 30202 | Orc:1    | XOM: enchant monster (bad)
 30283 | Orc:1    | XOM: divination: magic mapping
 30343 | Orc:1    | XOM: 1-stop teleportation journey
 30376 | Orc:1    | XOM: polymorph orc warrior -> worker ant
 30431 | Orc:1    | XOM: scenery: create altars
 30501 | Orc:1    | XOM: summons 2 hostile demons
 30726 | Orc:2    | Entered Level 2 of the Orcish Mines
 30726 | Orc:2    | Found a roughly hewn altar of Beogh.
 30829 | Orc:1    | XOM: summons 7 hostile demons
 30903 | Orc:2    | XOM: harmless Summ miscast
 30938 | Orc:2    | XOM: summons 7 hostile demons
 30939 | Orc:2    | XOM: 1-stop teleportation journey
 30939 | Orc:2    | Noticed an orc warlord
 30940 | Orc:2    | Noticed Rupert
 30940 | Orc:2    | Noticed an orc warlord
 30943 | Orc:2    | XOM: confuse monster(s)
 30955 | Orc:2    | XOM: summons friendly ufetubus
 30966 | Orc:2    | Noticed Maurice
 31095 | Orc:2    | XOM: summons friendly shadow imp
 31099 | Orc:2    | Killed an orc warlord
 31106 | Orc:2    | Noticed Maurice
 31106 | Orc:2    | Maurice changed into Maurice the ogre
 31106 | Orc:2    | XOM: polymorph Maurice -> Maurice the ogre
 31114 | Orc:2    | XOM: 6-stop teleportation journey
 31130 | Orc:2    | Killed Rupert
 31302 | Orc:2    | Killed Maurice the ogre
 31304 | Orc:2    | XOM: fog
 31433 | Orc:2    | Found Japsatt's General Store.
 31452 | Orc:2    | Bought a scroll of blinking for 97 gold pieces
 31452 | Orc:2    | Bought a potion of heal wounds for 65 gold pieces
 31467 | Orc:2    | XOM: cleaving
 31480 | Orc:2    | XOM: enchant monster (bad)
 31491 | Orc:2    | XOM: give mutations
 31491 | Orc:2    | Lost mutation: You expend magic power (3 MP) to strengthen your wands. [Xom's mischief]
 31491 | Orc:2    | Lost mutation: Your system is resistant to poisons. (rPois) [Xom's mischief]
 31491 | Orc:2    | Lost mutation: You have a pair of large horns on your head. [Xom's mischief]
 31631 | Orc:2    | Killed an orc warlord
 31728 | Orc:1    | XOM: summons 2 hostile shadow creatures
 31788 | Orc:2    | Found a staircase to the Elven Halls.
 32259 | Orc:2    | XOM: give mutations
 32259 | Orc:2    | Lost mutation: You have a pair of horns on your head. [Xom's mischief]
 32259 | Orc:2    | Lost mutation: You are highly resistant to hostile enchantments. (MR++) [Xom's mischief]
 32259 | Orc:2    | Lost mutation: You are partially covered in yellow scales. (AC +2) [Xom's mischief]
 32259 | Orc:2    | Lost mutation: You evolve. [Xom's mischief]
 32406 | Orc:2    | XOM: harmless Chrm miscast
 32532 | Orc:2    | XOM: blink monster(s)
 32764 | Orc:2    | XOM: mild Hex miscast
 32771 | Orc:2    | Reached skill level 13 in Conjurations
 32972 | Orc:2    | Identified the ring "Noqyts" {MP+9 Int+6 Dex+2} (You found it on level 4 of the Lair of Beasts)
 33260 | Orc:2    | Found Ciesug's Food Shop.
 33260 | Orc:2    | Found Bomuk's Gadget Boutique.
 33265 | Orc:2    | Found Qimnaem's Distillery.
 33265 | Orc:2    | Found Ikkador's Book Boutique.
 33274 | Orc:2    | Bought a book of Fire for 975 gold pieces
 33275 | Orc:2    | Bought a potion of heal wounds for 80 gold pieces
 33275 | Orc:2    | Bought 2 potions of heal wounds for 160 gold pieces
 33275 | Orc:2    | Bought a potion of haste for 160 gold pieces
 33275 | Orc:2    | Bought a potion of brilliance for 64 gold pieces
 33275 | Orc:2    | Bought a potion of haste for 160 gold pieces
 33282 | Orc:2    | Learned a level 6 spell: Bolt of Fire
 33287 | Orc:2    | Learned a level 1 spell: Summon Butterflies
 33470 | Elf:1    | Entered Level 1 of the Elven Halls
 33525 | Elf:1    | Found a radiant altar of Vehumet.
 33544 | Elf:1    | XOM: potion effect (agility)
 33550 | Orc:2    | XOM: noise
 33556 | Orc:2    | XOM: summons friendly ufetubus
 33802 | D:13     | XOM: harmless Erth miscast
 33812 | D:13     | Reached XP level 15. HP: 73/73 MP: 5/28
 33863 | D:12     | XOM: medium Pois miscast
 33963 | D:13     | XOM: mild Summ miscast
 34121 | D:13     | XOM: give mutations
 34121 | D:13     | Lost mutation: Your spells are harder to cast, but more powerful. [Xom's mischief]
 34121 | D:13     | Lost mutation: You possess an exceptional clarity of mind. [Xom's mischief]
 34121 | D:13     | Lost mutation: Your body sometimes deteriorates upon taking damage. [Xom's mischief]
 34148 | D:13     | XOM: 1-stop teleportation journey
 34285 | D:13     | XOM: give mutations
 34285 | D:13     | Lost mutation: Your spells are a little harder to cast, but a little more powerful. [Xom's mischief]
 34285 | D:13     | Lost mutation: Your muscles are very strong. (Str +4) [Xom's mischief]
 34527 | D:13     | Found a gate to the Vaults.
 34550 | D:13     | Noticed Nessos
 34554 | D:13     | Killed Nessos
 34557 | D:13     | XOM: mild Summ miscast
 34829 | D:13     | XOM: scenery: 1 doors open, 2 doors close
 35060 | D:13     | XOM: scenery: 3 doors close
 35694 | D:14     | XOM: 1-stop teleportation journey
 35905 | D:13     | XOM: god gift: sparkling marble ring {god gift}
 35906 | D:13     | Got a sparkling marble ring {god gift}
 35911 | D:13     | Identified the ring of Suodwalo {Str+4 Stlth-} (Xom gifted it to you on level 13 of the Dungeon)
 36349 | D:14     | XOM: god gift: scroll labeled ARHAAH YKHLATOFF {god gift}
 36420 | D:14     | XOM is BORED!
 36420 | D:14     | XOM: mild Pois miscast
 36427 | D:14     | XOM: divination: detect items
 36474 | D:13     | XOM: fog
 36768 | Shoals:1 | Entered Level 1 of the Shoals
 36910 | Shoals:1 | Reached skill level 14 in Conjurations
 36911 | Shoals:1 | XOM: scenery: create altars
 36926 | Shoals:1 | XOM: fake destruction
 36930 | Shoals:1 | XOM: scenery: create altars
 36937 | Lair:4   | XOM: butterfly on damage
 36942 | Lair:4   | XOM: fog
 37365 | Shoals:1 | XOM: harmless Necr miscast
 37464 | Shoals:1 | XOM: noise
 38024 | Shoals:1 | Reached skill level 1 in Evocations
 38065 | Shoals:1 | Noticed a kraken
 38070 | Shoals:1 | Noticed a kraken
 38072 | Shoals:1 | Killed a kraken
 38079 | Shoals:1 | XOM: enchant monster (bad)
 38146 | Shoals:1 | XOM: harmless Fire miscast
 38243 | Shoals:1 | Killed a kraken
 38476 | Shoals:2 | XOM: noise
 38572 | Shoals:2 | XOM: mild Ice miscast
 38631 | Shoals:2 | Reached skill level 5 in Evocations
 38768 | Shoals:2 | Noticed Louise
 38772 | Shoals:2 | XOM: confusion (+ monsters)
 38789 | Shoals:2 | Killed Louise
 39540 | Shoals:3 | XOM: enchant monster (bad)
 39541 | Shoals:3 | Reached XP level 16. HP: 40/77 MP: 23/29
 39649 | Shoals:2 | XOM: give mutations
 39649 | Shoals:2 | Gained mutation: You are robust. (+10% HP) [Xom's mischief]
 39649 | Shoals:2 | Lost mutation: You are very agile. (Dex +4) [Xom's mischief]
 39671 | Shoals:2 | XOM: mild Tmut miscast
 39962 | Shoals:3 | XOM: 4-stop teleportation journey
 39973 | Shoals:3 | XOM: destruction
 39987 | Shoals:3 | XOM: fog
 39992 | Shoals:3 | XOM: smoke on damage
 40281 | Shoals:2 | XOM: summons 4 hostile demons
 40343 | Shoals:3 | XOM: noise
 40543 | Shoals:3 | XOM: silly message
 41181 | Shoals:3 | XOM: harmless Summ miscast
 41443 | Shoals:3 | XOM is BORED!
 41443 | Shoals:3 | XOM: summons 2 hostile shadow creatures
 41667 | Shoals:3 | Found a runed door.
 42116 | Shoals:3 | XOM: confusion (+ monsters)
 42310 | Shoals:3 | XOM: harmless Pois miscast
 42312 | Shoals:4 | Entered Level 4 of the Shoals
 42500 | Shoals:4 | XOM is BORED!
 42500 | Shoals:4 | XOM: give mutations
 42500 | Shoals:4 | Lost mutation: Your mind is very acute. (Int +4) [Xom's mischief]
 42500 | Shoals:4 | Lost mutation: Your mind is acute. (Int +2) [Xom's mischief]
 42500 | Shoals:4 | Lost mutation: You are robust. (+10% HP) [Xom's mischief]
 42521 | Shoals:4 | Got a vibrating golden ring
 42526 | Shoals:4 | Identified the ring of Hepliaklqana's Pride {Wiz -Tele Int+2 Dex+4} (You found it on level 4 of the Shoals)
 42583 | Shoals:4 | Noticed Ilsuiw
 42781 | Shoals:4 | XOM: medium Ice miscast
 42960 | Shoals:4 | XOM: blink monster(s)
 42974 | Shoals:4 | XOM: 1-stop teleportation journey
 43109 | Shoals:4 | XOM: mild Pois miscast
 43112 | Shoals:4 | XOM: summons friendly shadow imp
 43241 | Shoals:4 | Killed Ilsuiw
 43481 | Shoals:4 | XOM: give mutation
 43481 | Shoals:4 | Gained mutation: You occasionally shout uncontrollably at your foes. [Xom's mischief]
 43799 | Shoals:4 | XOM: 1-stop teleportation journey
 43816 | Shoals:4 | XOM: chaos upgrade
 43838 | Shoals:4 | XOM: chaos upgrade
 43848 | Shoals:4 | XOM: confuse monster(s)
 43897 | Shoals:4 | XOM: harmless Air miscast
 43905 | Shoals:4 | XOM: harmless Erth miscast
 44038 | Shoals:4 | XOM: god gift: 27 gold pieces
 44100 | Shoals:4 | Reached skill level 15 in Fire Magic
 44158 | Shoals:4 | XOM: harmless Necr miscast
 44267 | Shoals:4 | Found a hazy altar of Hepliaklqana.
 44365 | Shoals:4 | XOM: scenery: create altars
 44389 | Shoals:4 | XOM: summons friendly crimson imp
 44392 | Shoals:4 | Killed from afar by a water nymph
 44393 | Shoals:4 | Reached XP level 15. HP: -12/74 MP: 0/37
 44440 | Shoals:4 | XOM: butterfly on damage
 44748 | Shoals:4 | Reached XP level 16. HP: 78/78 MP: 9/29
 44758 | Shoals:4 | XOM: confuse monster(s)
 44876 | Shoals:4 | XOM: enchant monster (good)
 45019 | Shoals:4 | Noticed a kraken
 45021 | Shoals:4 | XOM: enchant monster (good)
 45024 | Shoals:4 | Killed a kraken
 45272 | Shoals:4 | XOM: summons friendly shadow imp
 45310 | Shoals:4 | XOM: summons 4 friendly demons
 45582 | Shoals:4 | Got a barnacled rune of Zot
 45596 | Shoals:4 | XOM: torment (33/78 hp)
 45690 | Shoals:4 | XOM: medium Hex miscast
 45962 | D:11     | XOM: harmless Tloc miscast
 46117 | D:14     | Noticed Roxanne
 46197 | D:14     | XOM: give mutations
 46197 | D:14     | Lost mutation: You have a pair of small horns on your head. [Xom's mischief]
 46197 | D:14     | Lost strength.
 46197 | D:14     | Lost mutation: Your muscles are strong. (Str +2) [Xom's mischief]
 46197 | D:14     | Lost mutation: You are resistant to hostile enchantments. (MR+) [Xom's mischief]
 46280 | D:13     | XOM: give mutations
 46280 | D:13     | Lost mutation: You are partially covered in slimy green scales. (AC +2) [Xom's mischief]
 46280 | D:13     | Gained mutation: You are partially covered in molten scales. (AC +2) [Xom's mischief]
 46299 | D:13     | XOM: stat loss: -1 Dex (21/22)
 46505 | Orc:2    | Bought a book of Power for 675 gold pieces
 46697 | Orc:1    | Learned a level 7 spell: Orb of Destruction
 46873 | D:15     | Entered Level 15 of the Dungeon
 47054 | D:15     | Found a staircase to the Depths.
 47177 | D:15     | XOM: god gift: 58 gold pieces
 47184 | D:15     | XOM: medium Conj miscast
 47186 | D:15     | Hit by a large rock thrown by a cyclops
 47187 | D:15     | Reached XP level 15. HP: -1/74 MP: 16/37
 47297 | D:15     | XOM: medium Ice miscast
 47342 | D:15     | XOM: polymorph sixfirhy -> sun demon
 47541 | D:15     | XOM: give mutations
 47541 | D:15     | Gained mutation: Your spells are a little harder to cast, but a little more powerful. [Xom's mischief]
 47541 | D:15     | Gained mutation: You sometimes yell uncontrollably at your foes. [Xom's mischief]
 47748 | D:15     | XOM: enchant monster (good)
 48168 | D:15     | Reached skill level 15 in Conjurations
 48410 | Depths:1 | Entered Level 1 of the Depths
 48457 | Depths:1 | XOM: harmless Tmut miscast
 48526 | Depths:1 | Noticed a lich
 48531 | Depths:1 | Killed a lich
 48565 | Depths:1 | XOM: harmless Erth miscast
 48641 | Depths:1 | XOM: divination: detect creatures
 48644 | Depths:1 | XOM: butterfly on damage
 48644 | Depths:1 | XOM: smoke on damage
 48846 | Depths:1 | Found a gateway to Hell.
 49049 | Depths:1 | XOM: fake destruction
 49201 | Depths:1 | XOM: summons 4 friendly demons
 49831 | D:13     | XOM: scenery: 4 doors close
 49927 | D:11     | XOM: scenery: create altars
 49984 | Snake:1  | Entered Level 1 of the Snake Pit
 50487 | Snake:1  | Found a frozen archway.
 50490 | Snake:1  | XOM: 3-stop teleportation journey
 50520 | IceCv    | Entered an ice cave
 50559 | IceCv    | Reached XP level 16. HP: 77/78 MP: 29/29
 50571 | IceCv    | Reached skill level 16 in Conjurations
 50666 | IceCv    | XOM: 2-stop teleportation journey
 50756 | IceCv    | XOM: 3-stop teleportation journey
 51047 | IceCv    | XOM: harmless Erth miscast
 51175 | IceCv    | XOM: give mutation
 51175 | IceCv    | Gained mutation: You are mostly covered in molten scales. (AC +3) [Xom's grace]
 51361 | IceCv    | Found the +2 pair of boots of the Assassin {Detection Stab+ Stlth++}
 52104 | IceCv    | XOM: cloud trail
 52429 | Snake:1  | XOM: god gift: ration
 52564 | Snake:1  | Learned a level 5 spell: Bolt of Magma
 52641 | Snake:1  | XOM: noise
 52693 | Snake:1  | XOM: god gift: potion of brilliance
 52773 | Snake:1  | XOM: blink monster(s)
 53149 | D:13     | Learned a level 4 spell: Iskenderun's Mystic Blast
 53191 | Vaults:1 | Entered Level 1 of the Vaults
 53291 | Vaults:1 | XOM: give mutations
 53291 | Vaults:1 | Lost mutation: You sometimes yell uncontrollably at your foes. [Xom's mischief]
 53291 | Vaults:1 | Gained mutation: Your magical capacity is low. (-10% MP) [Xom's mischief]
 53291 | Vaults:1 | Lost mutation: You are agile. (Dex +2) [Xom's mischief]
 53291 | Vaults:1 | Gained mutation: You are dopey. (Int -2) [Xom's mischief]
 53386 | Vaults:1 | Noticed Asterion
 53411 | Vaults:2 | XOM: noise
 53539 | Vaults:2 | XOM: silly message
 53583 | Vaults:2 | XOM: 1-stop teleportation journey
 53586 | Vaults:2 | XOM: fog
 53599 | Vaults:2 | XOM: noise
 53921 | Vaults:2 | Noticed a tengu reaver
 53929 | Vaults:2 | XOM: enchant monster (bad)
 53934 | Vaults:2 | Found Affyatrooti's Armour Boutique.
 53934 | Vaults:2 | Noticed Margery
 53940 | Vaults:2 | Slain by Margery

Vault maps used:
D:1:      nicolae_arrival_washed_ashore, minmay_quantized
D:2:      cheibrodos_greedy_goblins
D:3:      nicolae_overflow_quartered_altars, ashenzari_altar_1,
          gammafunk_ghost_mausoleum, gup_sewer_entry_pipe
D:4:      uniq_edmund, uniq_eustachio
D:5:      minmay_temple_entry_trees, biasface_ghost_orc_armoury, first_ration,
          uniq_prince_ribbit1
D:6:      grunt_temple_overflow_magic_moments, lemuel_round_altar,
          nicolae_gozag_zags_fifth_avenue, basic_altar, st_stairs_13,
          uniq_pikel, uniq_menkaure, uniq_crazy_yiuf_cottage
D:8:      the_bakery
D:9:      old_standard_altar, erik_orc_2
D:10:     enter_bailey_2, grunt_decor_mini_mirrors
D:11:     erik_lair_dragon, worms_lemuel
D:13:     erik_vaults_2, uniq_nessos
D:14:     minmay_stone_trees_medium, special_room, uniq_roxanne
D:15:     grunt_enter_depths_snipers, serial_bayou_shore_a
Temple:   grunt_temple_mini_profane
Lair:1:   ebering_ghost_funeral_grove, beast_lair_carwin_10, grunt_megastairs_2,
          serial_bayou_shore_b, infiniplex_staircase_pool
Lair:2:   mu_elephants_graveyard, guppyfry_snake_entry_garden
Lair:4:   shoals_dummy_entry, basic_altar
Lair:5:   slime_dummy, grunt_megastairs_4
Lair:6:   grunt_lair_end_beastmaster, minmay_lair_oklob_bushes, uniq_josephine
Shoals:1: cheibrodos_shoals_baths, yaktaur_hedge
Shoals:2: nicolae_shoals_loop_pool, uniq_louise
Shoals:3: lightli_airlock
Shoals:4: shoals_end_grunt_ice, shoals_ilsuiw_alternative, lemuel_centaur_altar
Snake:1:  portal_ice_cave_entry_ice_statue_one, gammafunk_ghost_grave,
          serial_shops, shop
Orc:2:    st_orc_mages, serial_shops, nicolae_shop_waterfront, mines2_david,
          uniq_maurice, uniq_rupert
Elf:1:    eino_elf_arrival_altar, minivault_28, nicolae_rare_books
Vaults:1: nicolae_vaults_puzzle_piece, hangedman_vaults_stream,
          hangedman_vaults_snaps, vaults_dpeg_doors, v_misc_33, serial_ice_g,
          v_alt_pattern_1, vaults_mumra_hex,
          vaults_standard_mumra_enter_the_diamond, nicolae_vaults_rhombus_5,
          ontoclasm_vaults_fault, uniq_asterion
Vaults:2: v_misc_2, hangedman_vaults_trim, minmay_crypt_entry_simple_walls,
          vaults_dpeg_ring, dpeg_vaults_monster_box, vaults_room_corners,
          v_misc_19, v_misc_10, hangedman_vaults_stitches,
          nicolae_vaults_circle_grid_a, nicolae_vaults_little_squares_3,
          nicolae_vaults_little_squares_2, v_misc_15, ontoclasm_vaults_twist,
          portal_desolation_entry_garden, uniq_margery
Depths:1: rand_demon_pan_entry_8, hell_entry, wad_floor_pattern_untrapped,
          hangedman_abyss_entry_splay, nrook_mini_vaults,
          minmay_misc_feat_square, st_stairs_6, evilmike_butchery
Sewer:    sewer_co_scattered_pipes
Bailey:   bailey_polearm_5, bailey
IceCv:    ice_cave_caverns_03

Skill      XL: |  1  2  3  4  5  6  7  8  9 10 11 12 13 14 15 16 |
---------------+-------------------------------------------------+-----
Conjurations   | 1 2 3 4 5 7 8 9 10 11 13 15 16 | 16.3
Fire Magic     | 3 4 5 7 8 10 11 13 14 15 | 15.2
Fighting       | 2 4 8 7 11 12 13 | 13.5
Spellcasting   | 6 8 9 |  9.6
Dodging        | 9 10 12 14 | 14.8
Stealth        | 7 11 | 11.0
Evocations     | 7 9 |  9.7
Unarmed Combat | |  0.2

Action                   |  1- 3 |  4- 6 |  7- 9 | 10-12 | 13-15 | 16-18 || total
-------------------------+-------+-------+-------+-------+-------+-------++-------
Melee: Unarmed           |    26 |   301 |     9 |    66 |    93 |    52 ||   547
       Bite              |     3 |    31 |     3 |     7 |    13 |     4 ||    61
       Headbutt          |       |       |       |    12 |    18 |     2 ||    32
 Cast: Flame Tongue      |    71 |   212 |   227 |   266 |   594 |    62 ||  1432
       Sticky Flame      |       |       |    16 |    55 |   174 |    31 ||   276
       Fireball          |       |       |     6 |    33 |   242 |    58 ||   339
       Conjure Flame     |       |       |       |     1 |     1 |       ||     2
       Bolt of Fire      |       |       |       |       |   142 |   205 ||   347
       Summon Butterflie |       |       |       |       |     2 |       ||     2
       Bolt of Magma     |       |       |       |       |       |     7 ||     7
       Iskenderun's Myst |       |       |       |       |       |     5 ||     5
Evoke: Wand              |       |       |       |       |     1 |     1 ||     2
       Crystal ball of e |       |       |       |       |       |     7 ||     7
  Use: Scroll            |       |       |     6 |     7 |    28 |    14 ||    55
       Potion            |       |       |     3 |     7 |     5 |    20 ||    35
 Stab: Sleeping          |     1 |       |       |       |     3 |       ||     4
  Eat: Chunk             |     3 |    13 |    21 |    38 |   111 |    68 ||   254
       Ration            |       |       |       |       |     5 |    17 ||    22
Armor: Skin              |     1 |     3 |    12 |    25 |    33 |    13 ||    87
Dodge: Dodged            |    36 |   117 |    66 |   267 |   673 |   425 ||  1584

Table legend:
 A = Spawn XP
 B = Non-spawn XP
 C = Spawn XP percentage of total XP
 D = Spawn monster count
 E = Non-spawn monster count
 F = Spawn count percentage of total count
 G = Total turns spent on level
                    A         B        C        D         E        F      G
               +---------+---------+-------+---------+---------+-------+---------
         Total |       0 |  300189 |   0.0 |       0 |    1180 |   0.0 | 53940
               +---------+---------+-------+---------+---------+-------+---------
           D:1 |       0 |      32 |   0.0 |       0 |      16 |   0.0 |   958
           D:2 |       0 |     125 |   0.0 |       0 |      39 |   0.0 |  1380
           D:3 |       0 |      76 |   0.0 |       0 |      35 |   0.0 |  2057
           D:4 |       0 |     950 |   0.0 |       0 |      34 |   0.0 |  2361
           D:5 |       0 |    1810 |   0.0 |       0 |      36 |   0.0 |  1579
           D:6 |       0 |    1579 |   0.0 |       0 |      22 |   0.0 |  1441
           D:7 |       0 |    1365 |   0.0 |       0 |      26 |   0.0 |  1109
           D:8 |       0 |    2284 |   0.0 |       0 |      10 |   0.0 |   787
           D:9 |       0 |    3644 |   0.0 |       0 |      63 |   0.0 |  2923
          D:10 |       0 |    6890 |   0.0 |       0 |      43 |   0.0 |  1550
          D:11 |       0 |    5192 |   0.0 |       0 |      29 |   0.0 |  1873
          D:12 |       0 |    5172 |   0.0 |       0 |      31 |   0.0 |  2018
          D:13 |       0 |   14549 |   0.0 |       0 |      47 |   0.0 |  2102
          D:14 |       0 |    8796 |   0.0 |       0 |      34 |   0.0 |  1208
          D:15 |       0 |   18103 |   0.0 |       0 |      44 |   0.0 |  1636
        Lair:1 |       0 |    8403 |   0.0 |       0 |      38 |   0.0 |  1890
        Lair:2 |       0 |   14451 |   0.0 |       0 |      36 |   0.0 |  2939
        Lair:3 |       0 |    2875 |   0.0 |       0 |      14 |   0.0 |   828
        Lair:4 |       0 |    6075 |   0.0 |       0 |      26 |   0.0 |  1820
        Lair:5 |       0 |    7448 |   0.0 |       0 |      31 |   0.0 |   974
        Lair:6 |       0 |   11311 |   0.0 |       0 |      48 |   0.0 |  1371
      Shoals:1 |       0 |   18132 |   0.0 |       0 |      31 |   0.0 |  1458
      Shoals:2 |       0 |   10749 |   0.0 |       0 |      19 |   0.0 |  2018
      Shoals:3 |       0 |   26979 |   0.0 |       0 |      52 |   0.0 |  3074
      Shoals:4 |       0 |   48312 |   0.0 |       0 |      84 |   0.0 |  2390
       Snake:1 |       0 |   11621 |   0.0 |       0 |      25 |   0.0 |   788
         Orc:1 |       0 |    3072 |   0.0 |       0 |      23 |   0.0 |  1685
         Orc:2 |       0 |   15759 |   0.0 |       0 |      99 |   0.0 |  2345
         Elf:1 |       0 |    1251 |   0.0 |       0 |       2 |   0.0 |    79
      Vaults:1 |       0 |    3907 |   0.0 |       0 |       7 |   0.0 |   220
      Vaults:2 |       0 |   10215 |   0.0 |       0 |      15 |   0.0 |   529
      Depths:1 |       0 |   16124 |   0.0 |       0 |      15 |   0.0 |  1133
         Sewer |       0 |      64 |   0.0 |       0 |      18 |   0.0 |   979
        Bailey |       0 |    3406 |   0.0 |       0 |      40 |   0.0 |   467
         IceCv |       0 |    9468 |   0.0 |       0 |      48 |   0.0 |  1760
               +---------+---------+-------+---------+---------+-------+---------
